 Dungeon Crawl Stone Soup version 0.28-a0-674-gdaf460b524 (webtiles) character file.

Game seed: 12294741867747736255

8817 Irenicus the Earth Mage (level 11, -3/99 HPs)
             Began as a Deep Dwarf Earth Elementalist on Oct 17, 2021.
             Was a Priest of Makhleb.
             Slain by an unseen horror (5 damage)
             ... on level 11 of the Dungeon.
             The game lasted 00:44:17 (5570 turns).

Irenicus the Earth Mage (DDEE)                      Turns: 5570, Time: 00:44:17

Health: -3/99      AC:  9    Str: 12    XL:     11   Next: 14%
Magic:  19/19      EV: 13    Int: 29    God:    Makhleb [***...]
Gold:   467        SH:  0    Dex: 11    Spells: 16/22 levels left

rFire   + + .      SeeInvis .   z - +2 spear (venom)
rCold   + . .      Faith    .   (no shield)
rNeg    . . .      Spirit   .   y - +0 acid dragon scales
rPois   +          Reflect  .   B - +0 helmet
rElec   +          Harm     .   a - scarf {repulsion}
rCorr   +          Rampage  .   (no gloves)
Will    ++...                   (no boots)
Stlth   ++........              o - amulet of magic regeneration
HPRegen 0.00/turn               W - ring of willpower
MPRegen 0.41/turn               b - ring of Ragify {Contam rF+ Int+8 Dex-2 Slay+5}

@: resistant, repel missiles
A: damage resistance, heal wounds, sense surroundings 2, no regeneration, clever
1, robust 1
a: Heal Wounds, Renounce Religion, Minor Destruction, Lesser Servant of Makhleb


You were on level 11 of the Dungeon.
You worshipped Makhleb.
Makhleb was most pleased with you.
You visited 2 branches of the dungeon, and saw 12 of its levels.

You collected 467 gold pieces.


Innate Abilities, Weirdness & Mutations

You are resistant to damage.
You can heal yourself by infusing magical energy.
You passively map the area around you.
You do not regenerate.
Your mind is acute. (Int +2)
You are robust. (+10% HP)


   Skills:
 - Level 3.0 Fighting
 + Level 9.0 Armour
 - Level 6.0 Dodging
 - Level 2.4 Stealth
 + Level 6.4 Spellcasting
 - Level 2.1 Conjurations
 - Level 0.8 Transmutations
 - Level 15.2 Earth Magic


You had 16 spell levels left.
You knew the following spells:

 Your Spells              Type           Power      Damage    Failure   Level
t - Stone Arrow           Conj/Erth      100%       3d13      1%          3
w - Passwall              Tmut/Erth      45%        N/A       1%          2
z - Sandblast             Erth           100%       2d20      0%          1

Your spell library contained the following spells:

 Spells                   Type           Power      Damage    Failure   Level
 Petrify                  Tmut/Erth      54%        N/A       2%          4
 Freeze                   Ice            36%        1d6       8%          1
 Conjure Flame            Conj/Fire      15%        6-21      14%         3
 Mephitic Cloud           Conj/Pois/Air  13%        N/A       17%         3
 Ignite Poison            Fire/Tmut/Pois 10%        N/A       21%         3
 Frozen Ramparts          Ice            18%        1d3       22%         3
 Swiftness                Air            9%         N/A       22%         3
 Hailstorm                Conj/Ice       15%        3d5       43%         4
 Sticky Flame             Conj/Fire      15%        2d4       43%         4
 Fireball                 Conj/Fire      7%         3d5       80%         5
 Freezing Cloud           Conj/Ice/Air   6%         6-21      85%         5
 Invisibility             Hex            4%         N/A       100%        6
 Simulacrum               Ice/Necr       4%         N/A       100%        6
 Starburst                Conj/Fire      7%         6d4       100%        6
 Ignition                 Fire           4%         3d4       100%        8
 Polar Vortex             Ice            4%         N/A       100%        9

Inventory:

Hand Weapons
 z - a +2 spear of venom (weapon)
 A - the +7 hunting sling of Kueli {venom, Stlth+}
   (You found it on level 8 of the Dungeon)

   Any ammunition fired from it poisons the flesh of those it strikes.
   Stlth:     It makes you more stealthy.
Missiles
 c - 180 stones
 e - 16 poisoned darts
Armour
 a - a scarf of repulsion (worn)
 p - a scarf of invisibility
 x - a +2 leather armour of cold resistance
 y - +0 acid dragon scales (worn)
 B - a +0 helmet (worn)
Jewellery
 b - the ring of Ragify (right hand) {Contam rF+ Int+8 Dex-2 Slay+5}
   (You acquired it on level 7 of the Dungeon)

   [ring of protection from fire]

   Int:       It affects your intelligence (+8).
   Dex:       It affects your dexterity (-2).
   Slay:      It affects your accuracy & damage with ranged weapons and melee
   (+5).
   rF:        It protects you from fire.
   Contam:    It causes magical contamination when unequipped.
 m - an amulet of reflection
 o - an amulet of magic regeneration (around neck)
 W - a ring of willpower (left hand)
Wands
 g - a wand of mindburst (8)
 r - a wand of polymorph (15)
Scrolls
 h - a scroll of immolation
 i - a scroll of enchant armour {unknown}
 q - a scroll of torment {unknown}
 t - 2 scrolls of noise {unknown}
 u - 2 scrolls of teleportation {@r2}
Potions
 f - a potion of brilliance
 j - a potion of berserk rage {!q}
 k - a potion of cancellation
 l - a potion of flight
 n - 3 potions of curing {@q1}
 s - a potion of might
 v - a potion of haste {@q3}

Dungeon Overview and Level Annotations

Branches:
Dungeon (11/15)            Temple (1/1) D:5            Lair (0/6) D:9
    Orc: D:9-12

Altars:
Cheibriados
Dithmenos
Elyvilon
Hepliaklqana
Kikubaaqudgha
Makhleb
Nemelex Xobeh
Qazlal
Sif Muna
Vehumet
Wu Jian
Xom
Zin
The Shining One

Shops:
D:6 : D:8

* ###.......#
#..P▒▒ *..
##......#
#..P▒,⚑ * , ,,
###...## #..P▒▒
** ≈,*, *##.#
#...P▒+▒♣ , ≈ ,
## #..P♣...♣. ≈
#..P.....♣ ,
#...♣...♣.*,
###.......P. ,
#.@....^....
,,,, *
*#....####.#...,
#....#### *.....
, * * .... #####
* , ... ** , , ,
,***.. *, , , *.
, ,, , , , ,** *
, , , ,


There were no monsters in sight!


Message History

Snorg misses you.
Casting: Stone Arrow (safe; 1% risk of failure)
Confirm with . or Enter, or press ? or * to list all spells.
Aiming: Stone Arrow (safe; 1% risk of failure)
Press: ? - help, Shift-Dir - straight line, f/p - Snorg
Aim: Snorg (almost dead, 78% to hit)
The stone arrow hits Snorg!!
You kill Snorg!
Makhleb accepts your kill.
You feel better.
Your Armour skill increases to level 9!
Found a scroll labelled QYIMIR ATAOQ.
Something hits you.
* * * LOW HITPOINT WARNING * * *
Deactivating autopickup; reactivate with Ctrl-A.
Something hits you but does no damage. x2
It was a potion of resistance.
You feel protected. Something hits you.
* * * LOW HITPOINT WARNING * * *
Something hits you.
* * * LOW HITPOINT WARNING * * *
It was a potion of magic.
Magic courses through your body. Something hits you.
* * * LOW HITPOINT WARNING * * *
Something hits you.
* * * LOW HITPOINT WARNING * * *
Use which ability? (? or * to list)
You fail to use your ability.
Something hits you!
You die...

Skill      XL: |  1  2  3  4  5  6  7  8  9 10 11 |
---------------+----------------------------------+-----
Earth Magic    | 5 7 9 10 12 13 15 | 15.2
Spellcasting   | 3 6 |  6.4
Fighting       | 3 |  3.0
Conjurations   | 2 |  2.1
Dodging        | 4 6 |  6.0
Armour         | 4 8 9 |  9.0
Stealth        | |  2.4
Transmutations | |  0.8

Action                   |  1- 3 |  4- 6 |  7- 9 | 10-12 || total
-------------------------+-------+-------+-------+-------++-------
Melee: Unarmed           |     3 |       |       |       ||     3
       Whip              |       |    15 |     1 |       ||    16
       Spear             |       |       |       |    25 ||    25
Throw: Dart              |     3 |     5 |     1 |    15 ||    24
 Cast: Sandblast         |    22 |    52 |    57 |    25 ||   156
       Passwall          |       |    21 |    13 |    24 ||    58
       Stone Arrow       |       |    17 |    61 |    76 ||   154
 Abil: Heal Wounds       |       |     1 |     4 |       ||     5
Evoke: Wand              |       |       |     5 |       ||     5
  Use: Potion            |     1 |     2 |     3 |     3 ||     9
       Scroll            |     1 |     1 |    14 |       ||    16
 Stab: Sleeping          |       |     1 |       |       ||     1
Armor: Skin              |     2 |       |       |       ||     2
       Leather armour    |     1 |     5 |     4 |     4 ||    14
       Ring mail         |       |       |     1 |     1 ||     2
       Acid dragon scale |       |       |       |     3 ||     3
Dodge: Dodged            |     8 |    24 |    24 |    18 ||    74
       Repelled          |       |     1 |       |     1 ||     2

Levels and vault maps discovered:
D:1:      heliophobic_arrival_ceremonial_halls, layout_basic,
          lexackson_kobold_supper
D:2:      layout_basic, hangedman_decor_diamond_cutter, uniq_natasha
D:3:      layout_basic, ebering_ghost_rock_garden, serial_glass,
          glass_columns_c, glass_columns_a, glass_columns_c, glass_columns_a,
          glass_columns_a, glass_columns_b,
          hellmonk_ecumenical_altar_prayer_group
D:4:      layout_cave_pools, minivault_4, grunt_ministairs_7
D:5:      layout_gridville, nicolae_tso_swordbearing_angel, elyvilon_altar_3,
          grunt_qazlal_sundering, temple_fountains
D:6:      layout_cave_pools, serial_shops, nicolae_inconvenience_store,
          uniq_prince_ribbit1, uniq_eustachio
D:7:      layout_basic, chequers_serial_rivers_room_a, uniq_joseph
D:8:      layout_loops_ring, nicolae_wu_jian_glorious_leap, serial_shops,
          nicolae_lakefront_shop
D:9:      layout_loops_ring, mainiacjoe_overflow_catch_the_wave,
          dpeg_oklobed_lair
D:10:     layout_rooms, serial_glass, glass_columns_a, glass_columns_a,
          glass_columns_a, glass_columns_a, glass_columns_a, glass_columns_a,
          glass_columns_a, glass_columns_b, hangedman_abyss_or_decor_clamps
D:11:     layout_cave_pods, serial_park, serial_park_fountain,
          serial_park_gazebo [serial_park_minivault_5x5_2], serial_park_tiny_2,
          uniq_harold, uniq_snorg
Temple:   regret_index_temple_sphere_string

Notes
Turn   | Place    | Note
-------+----------+-------------------------------------------
     0 | D:1      | Irenicus the Deep Dwarf Earth Elementalist began the quest
                  | for the Orb.
     0 | D:1      | Reached XP level 1. HP: 15/15 MP: 3/3
    66 | D:2      | Noticed Natasha
    69 | D:2      | Killed Natasha
    70 | D:2      | Reached skill level 5 in Earth Magic
    70 | D:2      | Reached XP level 2. HP: 22/22 MP: 0/4
    85 | D:2      | Reached XP level 3. HP: 28/28 MP: 0/5
   286 | D:4      | Noticed a scorpion
   296 | D:4      | Reached skill level 6 in Earth Magic
   309 | D:4      | Killed a scorpion
   310 | D:4      | Reached skill level 7 in Earth Magic
   310 | D:4      | Reached XP level 4. HP: 36/36 MP: 0/6
   432 | D:4      | Reached XP level 5. HP: 12/42 MP: 1/7
   470 | D:4      | Reached skill level 8 in Earth Magic
   639 | D:5      | Entered Level 5 of the Dungeon
   655 | D:5      | Reached skill level 9 in Earth Magic
   655 | D:5      | Reached XP level 6. HP: 35/49 MP: 1/8
   670 | D:5      | Found a staircase to the Ecumenical Temple.
   681 | Temple   | Entered the Ecumenical Temple
   707 | Temple   | Became a worshipper of Makhleb the Destroyer
   806 | D:3      | Learned a level 2 spell: Passwall
   812 | D:3      | Learned a level 3 spell: Stone Arrow
   817 | D:3      | Noticed Megustar's ghost (amateur DEFE)
   818 | D:3      | Found a runed translucent gate.
   818 | D:3      | Found a runed translucent gate.
   819 | D:3      | Found a runed translucent gate.
   891 | D:3      | Killed Megustar's ghost
  1066 | D:3      | Found a faded altar of an unknown god.
  1092 | D:2      | Reached skill level 10 in Earth Magic
  1155 | D:2      | Noticed Natasha
  1173 | D:2      | Killed Natasha
  1223 | D:2      | Noticed Natasha
  1226 | D:2      | Killed Natasha
  1511 | D:3      | Reached * piety under Makhleb
  1939 | D:1      | Reached XP level 7. HP: 29/55 MP: 1/9
  1952 | D:1      | Reached skill level 2 in Spellcasting
  2107 | D:5      | Found a white marble altar of Elyvilon.
  2329 | D:5      | Found a stormy altar of Qazlal.
  2475 | D:5      | Found a glowing golden altar of the Shining One.
  2642 | D:6      | Reached skill level 3 in Spellcasting
  2642 | D:6      | Reached skill level 11 in Earth Magic
  2716 | D:6      | Found Wuhuef's Book Boutique.
  2720 | D:6      | Noticed a yak
  2722 | D:6      | Noticed a yak
  2735 | D:6      | Gained mutation: You are robust. (+10% HP) [potion of
                  | mutation]
  2735 | D:6      | Gained mutation: Your mind is acute. (Int +2) [potion of
                  | mutation]
  2753 | D:6      | Noticed Eustachio
  2761 | D:7      | Noticed Joseph
  2781 | D:7      | HP: 4/60 [something (12)]
  2795 | D:7      | You fall into a shaft and drop 3 floors!
  2795 | D:10     | Entered Level 10 of the Dungeon
  2795 | D:10     | Noticed a shadow
  2804 | D:10     | Killed a shadow
  2805 | D:10     | Reached skill level 12 in Earth Magic
  2805 | D:10     | Reached XP level 8. HP: 36/68 MP: 5/12
  2854 | D:10     | Reached skill level 2 in Fighting
  2868 | D:9      | Found a staircase to the Lair.
  2882 | D:9      | Reached skill level 3 in Fighting
  2891 | D:9      | HP: 5/72 [wight (5)]
  2897 | D:9      | Reached skill level 1 in Conjurations
  2915 | D:9      | Reached skill level 3 in Dodging
  2915 | D:9      | Reached skill level 2 in Conjurations
  2947 | D:9      | Reached skill level 4 in Dodging
  2947 | D:9      | Reached skill level 13 in Earth Magic
  2950 | D:9      | Reached ** piety under Makhleb
  2951 | D:9      | Gained mutation: You passively map the area around you.
                  | [Deep Dwarf growth]
  2951 | D:9      | Reached XP level 9. HP: 25/82 MP: 4/13
  2965 | D:9      | Reached skill level 5 in Dodging
  3144 | D:9      | Reached skill level 6 in Dodging
  3144 | D:9      | Reached skill level 14 in Earth Magic
  3161 | D:9      | Reached skill level 1 in Armour
  3240 | D:7      | Reached skill level 2 in Armour
  3272 | D:7      | Identified a scroll of acquirement
  3272 | D:7      | Acquired the ring of Ragify {Contam rF+ Int+8 Dex-2 Slay+5}
  3278 | D:7      | Killed Joseph
  3279 | D:7      | Reached skill level 3 in Armour
  3313 | D:7      | Reached skill level 4 in Armour
  3357 | D:6      | Noticed Prince Ribbit
  3359 | D:6      | Killed Prince Ribbit
  3360 | D:6      | Reached skill level 15 in Earth Magic
  3420 | D:6      | Reached XP level 10. HP: 24/92 MP: 6/13
  3447 | D:6      | Reached skill level 5 in Armour
  3456 | D:6      | Killed Eustachio
  3560 | D:6      | Reached skill level 6 in Armour
  3572 | D:6      | Reached skill level 4 in Spellcasting
  4270 | D:8      | Reached skill level 7 in Armour
  4290 | D:8      | Noticed a two-headed ogre
  4294 | D:8      | Killed a two-headed ogre
  4295 | D:8      | Reached skill level 5 in Spellcasting
  4298 | D:8      | Reached *** piety under Makhleb
  4309 | D:8      | Found Iptar's General Store.
  4556 | D:8      | Found an ornate altar of the Wu Jian Council.
  4613 | D:8      | Identified the +7 hunting sling of Kueli {venom, Stlth+}
  4626 | D:9      | Reached skill level 8 in Armour
  4988 | D:9      | Found a sparkling altar of Nemelex Xobeh.
  5001 | D:9      | Found a radiant altar of Vehumet.
  5172 | D:10     | Reached skill level 6 in Spellcasting
  5172 | D:10     | Reached XP level 11. HP: 52/99 MP: 11/19
  5270 | D:10     | Noticed a red ugly thing
  5275 | D:10     | Killed a red ugly thing
  5546 | D:11     | Noticed Snorg
  5552 | D:11     | HP: 9/99 [Snorg (4)]
  5553 | D:11     | Killed Snorg
  5554 | D:11     | Reached skill level 9 in Armour
  5568 | D:11     | Identified a potion of resistance
  5568 | D:11     | HP: 9/99 [something (1)]
  5569 | D:11     | HP: 2/99 [something (5)]
  5570 | D:11     | Slain by an unseen horror

Vanquished Creatures
  Snorg (D:11)
  A two-headed ogre (D:8)
  An ugly thing (D:10)
  Joseph (D:7)
  Prince Ribbit (D:6)
  A shadow (D:10)
  Eustachio (D:6)
  A wraith (D:9)
  4 wyverns
  15 yaks
  An acid dragon (D:8)
  A water moccasin (D:8)
  3 orc warriors
  An ice beast (D:6)
  2 black bears
  A necrophage (D:6)
  3 centaurs
  An ogre (D:6)
  A phantom (D:5)
  A kobold brigand (D:8)
  The ghost of Megustar the Firebug, an amateur DEFE of Vehumet (D:3)
  A bullfrog (D:8)
  4 scorpions
  3 killer bees (D:8)
  12 wights
  2 howler monkeys
  2 hounds (D:6)
  A bullfrog zombie (D:5)
  3 centaur zombies
  A bullfrog skeleton (D:5)
  A gnoll shaman (D:4)
  5 orc priests
  Natasha (thrice) (D:2)
  An iguana (D:6)
  3 orc wizards
  A scorpion zombie (D:5)
  A killer bee zombie (D:9)
  2 hound skeletons
  5 gnolls (D:4)
  6 adders
  A white imp (D:8)
  An ufetubus (D:4)
  2 worms
  An adder skeleton (D:4)
  A dart slug (D:2)
  15 orcs
  A ball python (D:3)
  A bat (D:2)
  5 endoplasms
  A giant cockroach (D:2)
  4 goblins
  5 hobgoblins
  3 jackals (D:3)
  3 quokkas
  3 frilled lizards
  15 kobolds
  6 rats
168 creatures vanquished.

Vanquished Creatures (others)
  49 fungi (D:9)
  4 plants (D:1)
53 creatures vanquished.

Grand Total: 221 creatures vanquished

Table legend: (Time is in decaauts)
 A = Elapsed time spent in this place.
 B = Non-inter-level travel time spent in this place.
 C = Inter-level travel time spent in this place.
 D = Time resting spent in this place.
 E = Time spent auto-exploring this place.
 F = Levels seen in this place.
 G = Mean time per level.
                   A        B        C        D        E       F      G
               +--------+--------+--------+--------+--------+-----+--------+
         Total |   5582 |   5302 |    280 |     55 |    440 |  12 |  465.2 |
       Dungeon |   5530 |   5275 |    255 |     55 |    440 |  11 |  502.7 |
        Temple |     51 |     26 |     25 |      0 |      0 |   1 |   51.0 |
               +--------+--------+--------+--------+--------+-----+--------+

Top non-repeatable levels by time:
     D:9: 665 daAuts
     D:8: 645 daAuts
     D:7: 607 daAuts
     D:5: 592 daAuts
     D:3: 590 daAuts
     D:6: 483 daAuts
     D:4: 480 daAuts
     D:2: 470 daAuts
     D:1: 459 daAuts
    D:10: 445 daAuts
    D:11: 88 daAuts
  Temple: 51 daAuts

Table legend:
 A = Non-vault XP
 B = Vault XP
 C = Vault XP percentage of total XP
 D = Non-vault monster count
 E = Vault monster count
 F = Vault count percentage of total count
                 A         B        C        D         E       F
            +---------+---------+-------+---------+---------+-------
      Total |   10543 |    2054 |  16.3 |     152 |      16 |   9.5
            +---------+---------+-------+---------+---------+-------
        D:1 |       7 |       9 |  56.2 |       4 |       8 |  66.7
        D:2 |     137 |      36 |  20.8 |      16 |       1 |   5.9
        D:3 |      43 |      98 |  69.5 |      17 |       2 |  10.5
        D:4 |     242 |       2 |   0.8 |      14 |       1 |   6.7
        D:5 |     474 |       0 |   0.0 |      10 |       0 |   0.0
        D:6 |    2019 |     482 |  19.3 |      19 |       2 |   9.5
        D:7 |     773 |     502 |  39.4 |      11 |       1 |   8.3
        D:8 |    2101 |       0 |   0.0 |      24 |       0 |   0.0
        D:9 |    3149 |       0 |   0.0 |      27 |       0 |   0.0
       D:10 |    1598 |       0 |   0.0 |      10 |       0 |   0.0
       D:11 |       0 |     925 | 100.0 |       0 |       1 | 100.0
            +---------+---------+-------+---------+---------+-------
